 Dungeon Crawl Stone Soup version 0.29-a0-723-gce39da1c22 (webtiles) character file.

Game seed: 9674289009699707340

3 Azuvok the Trooper (level 1, 0/20 HPs)
             Began as a Hill Orc Fighter on June 28, 2022.
             Slain by a hobgoblin (4 damage)
             ... on level 1 of the Dungeon.
             The game lasted 00:01:04 (31 turns).

Azuvok the Trooper (Hill Orc Fighter)                 Turns: 31, Time: 00:01:05

Health: 0/20       AC:  6    Str: 18    XL:     1   Next: 50%
Magic:  1/1        EV:  9    Int:  8    God:
Gold:   0          SH:  4    Dex: 10    Spells: 0/0 levels left

rFire   . . .      SeeInvis .   a - +0 war axe
rCold   . . .      Faith    .   c - +0 buckler
rNeg    . . .      Spirit   .   b - +0 scale mail
rPois   .          Reflect  .   (no helmet)
rElec   .          Harm     .   (no cloak)
rCorr   .          Rampage  .   (no gloves)
Will    .....                   (no boots)
Stlth   ..........              (no amulet)
HPRegen 0.06/turn               (no ring)
MPRegen 0.07/turn               (no ring)

@: no status effects
A: no striking features
a: no special abilities


You were on level 1 of the Dungeon.
You visited 1 branch of the dungeon, and saw 1 of its levels.

Inventory:

Hand Weapons
 a - a +0 war axe (weapon)
Armour
 b - a +0 scale mail (worn)
 c - a +0 buckler (worn)
Potions
 d - a potion of might


   Skills:
 + Level 3.7 Fighting
 + Level 2.8 Axes
 - Level 3.3 Armour
 + Level 0.1 Dodging
 - Level 3.3 Shields


You couldn't memorise any spells.
You didn't know any spells.
Your spell library was empty.

Dungeon Overview and Level Annotations

Branches:
Dungeon (1/15)

Altars:


Message History

The ball python is severely wounded.
You hit the kobold.
The ball python bites you but does no damage.
The ball python constricts you.
A hobgoblin comes into view.
The kobold hits you but does no damage. The ball python bites you.
The ball python constricts you.
You closely miss the ball python.
The ball python is severely wounded.
The hobgoblin shouts!
You hit the kobold.
You kill the kobold!
A kobold comes into view. It is wielding a +0 whip.
The ball python bites you but does no damage.
The ball python constricts you.
The hobgoblin hits you but does no damage.
You slash the ball python!
You kill the ball python!
You barely miss the hobgoblin. The hobgoblin hits you.
You hit the hobgoblin.
The hobgoblin is severely wounded.
The hobgoblin completely misses you.
You closely miss the hobgoblin.
The hobgoblin is severely wounded.
The hobgoblin closely misses you.
The hobgoblin hits you but does no damage.
You hit the hobgoblin.
The hobgoblin is almost dead.
You barely miss the hobgoblin. The hobgoblin barely misses you.
The hobgoblin hits you but does no damage.
You completely miss the hobgoblin.
The hobgoblin is almost dead.
You closely miss the kobold. You barely miss the hobgoblin.
The hobgoblin hits you but does no damage.
The kobold closely misses you.
The hobgoblin hits you but does no damage.
The hobgoblin hits you.
* * * LOW HITPOINT WARNING * * *
The hobgoblin hits you.
You die...

## ## ##.## #.
#.##(..##...
#...K....#
#?.@g....#
############).g..#.#
#.........#.....##
#...###...#.##.##
#.<.#†#...'.# ##
#...###...###
#..[......#
###########


You could see 2 hobgoblins and a kobold.

Vanquished Creatures
  A goblin (D:1)
  A kobold (D:1)
  A ball python (D:1)
3 creatures vanquished.

Notes
Turn   | Place    | Note
-------+----------+-------------------------------------------
     0 | D:1      | Azuvok the Hill Orc Fighter began the quest for the Orb.
     0 | D:1      | Reached XP level 1. HP: 19/19 MP: 1/1
    31 | D:1      | Slain by a hobgoblin

Illustrated notes

Levels and vault maps discovered:
D:1:      nicolae_arrival_memento_mori, layout_loops_ring,
          shapermc_ecumenical_altar_venn

Action                   || total
-------------------------++-------
Melee: War axe           ||    17
Armor: Scale mail        ||    16
Dodge: Dodged            ||     6
Block: Buckler           ||     1

Table legend: (Time is in decaauts)
 A = Elapsed time spent in this place.
 B = Non-inter-level travel time spent in this place.
 C = Inter-level travel time spent in this place.
 D = Time resting spent in this place.
 E = Time spent auto-exploring this place.
 F = Levels seen in this place.
 G = Mean time per level.
                   A        B        C        D        E       F      G
               +--------+--------+--------+--------+--------+-----+--------+
         Total |     37 |     37 |      0 |      0 |      0 |   1 |   37.0 |
       Dungeon |     37 |     37 |      0 |      0 |      0 |   1 |   37.0 |
               +--------+--------+--------+--------+--------+-----+--------+

Top non-repeatable levels by time:
     D:1: 37 daAuts
